 Dungeon Crawl Stone Soup version 0.26.1-10-gdfb7c7de75 (webtiles) character file.

Game seed: 442729065596491573

311306 Almogavar the Slayer (level 20, -1/205 HPs)
             Began as a Minotaur Berserker on Apr 9, 2021.
             Was a High Priest of Trog.
             Killed from afar by an ice dragon (33 damage)
             ... with a blast of cold
             ... on level 3 of the Depths.
             The game lasted 02:52:11 (57797 turns).

Almogavar the Slayer (Minotaur Berserker)          Turns: 57797, Time: 02:52:11

Health: -1/205     AC: 28    Str: 35    XL:     20   Next: 41%
Magic:  28/28      EV: 14    Int:  8    God:    Trog [*****.]
Gold:   3703       SH: 16    Dex: 14    Spells: 19/19 levels left

rFire    . . .     SeeInvis .   r - +8 scimitar "Guseim" {vorpal, +Fly Int+4}
rCold    . . .     Faith    .   H - +1 kite shield
rNeg     + + +     Spirit   .   O - +1 plate armour of the Turtle {Rampage *Corrode rPois rN++}
rPois    +         Reflect  .   F - +2 hat {Will+}
rElec    .         Harm     .   X - +2 cloak {rCorr}
rCorr    +         Rampage  +   q - +2 pair of gloves {Dex+3}
Will     ++...                  u - +2 pair of boots
Stlth    ..........             (no amulet)
HPRegen  0.44/turn              j - ring of the Cuttlefish {*Slow rN+ MP+9 Str+5}
MPRegen  0.21/turn              N - ring of positive energy

@: corroded
A: retaliatory headbutt, horns 2
}: 2/15 runes: decaying, gossamer
a: Renounce Religion, Evoke Flight, Berserk, Trog's Hand, Brothers in Arms


You were on level 3 of the Depths.
You worshipped Trog.
Trog was extremely pleased with you.
You visited 6 branches of the dungeon, and saw 34 of its levels.
You also visited: Ossuary, Gauntlet and Ice Cave.

You collected 3923 gold pieces.
You spent 220 gold pieces at shops.

Inventory:

Hand Weapons
 c - the +9 long sword of Shame {vorpal, +Rage rN+}
   (Trog gifted it to you on level 3 of the Swamp)

   It inflicts extra damage upon your enemies.
   It protects you from negative energy.
   It lets you go berserk.
 r - the +8 scimitar "Guseim" (weapon) {vorpal, +Fly Int+4}
   (You took it off a spriggan on level 1 of the Swamp)

   It inflicts extra damage upon your enemies.
   It affects your intelligence (+4).
   It lets you fly.
 C - a +9 antimagic double sword
 S - a +5 long sword of flaming
Missiles
 J - 56 poisoned darts (quivered)
 L - 17 curare-tipped darts
 P - 26 javelins
Armour
 a - a scarf of resistance
 q - a +2 pair of gloves of dexterity (worn)
 u - a +2 pair of boots (worn)
 y - the +0 cloak "Dugyejur" {Regen+ Str+4 Int-2}
   (You found it in a Gauntlet)

   It affects your strength (+4).
   It affects your intelligence (-2).
   It increases your rate of regeneration.
 F - a +2 hat of willpower (worn)
 H - a +1 kite shield (worn)
 M - the +3 cloak of the Past {rPois Will+++ Str-2 Int-5}
   (You found it on level 2 of the Spider Nest)

   It affects your strength (-2).
   It affects your intelligence (-5).
   It protects you from poison.
   It affects your willpower, your defense against some magical effects.
 O - the +1 plate armour of the Turtle (worn) {Rampage *Corrode rPois rN++}
   (You found it on level 6 of the Dungeon)

   It protects you from poison.
   It greatly protects you from negative energy.
   It may corrode you when you take damage.
   It bestows one free step when moving towards enemies.
 R - a +2 plate armour of fire resistance
 X - a +2 cloak of preservation (worn)
Jewellery
 f - a +4 ring of protection
 g - a +6 ring of strength
 h - a +4 ring of protection
 j - the ring of the Cuttlefish (left hand) {*Slow rN+ MP+9 Str+5}
   (You found it on level 2 of the Lair of Beasts)

   [ring of magical power]

   It affects your strength (+5).
   It protects you from negative energy.
   It affects your magic capacity (+9).
   It may slow you when you take damage.
 l - an uncursed ring of positive energy
 t - an uncursed ring of fire
 v - a +6 ring of dexterity
 N - a ring of positive energy (right hand)
 Q - an uncursed ring of protection from cold
 T - the amulet of Broken Luck {Inacc rF- rC+ MP+9 Dex+3}
   (You found it on level 1 of the Swamp)

   [amulet of inaccuracy]

   It reduces the accuracy of all your attacks.
   It affects your dexterity (+3).
   It makes you vulnerable to fire.
   It protects you from cold.
   It affects your magic capacity (+9).
Wands
 B - a wand of flame (90)
 D - a wand of iceblast (50)
 E - a wand of acid (16)
 V - a wand of paralysis (10)
 Y - a wand of digging (3)
Scrolls
 d - 9 scrolls of magic mapping
 k - 7 scrolls of remove curse
 m - 15 scrolls of teleportation
 n - 7 scrolls of fog
 o - 3 scrolls of identify
 p - 2 scrolls of summoning
 G - 5 scrolls of fear
Potions
 b - 7 potions of might
 e - 11 potions of haste
 i - 11 potions of curing
 s - 5 potions of cancellation
 w - 3 potions of ambrosia
 x - 2 potions of heal wounds
 z - 6 potions of invisibility
 A - a potion of flight
 I - 3 potions of resistance
Miscellaneous
 K - a phantom mirror
 U - a box of beasts
 W - a lightning rod (2/4)
 Z - a phial of floods


   Skills:
 + Level 23.7 Fighting
 - Level 14.6 Long Blades
 - Level 1.6 Maces & Flails
 + Level 15.4 Throwing
 - Level 18.6 Armour
 + Level 8.8 Dodging
 - Level 0.2 Stealth
 - Level 15.3 Shields
 * Level 11.6 Evocations


You had 19 spell levels left.
You didn't know any spells.
Your spell library was empty.

Dungeon Overview and Level Annotations

Branches:
Dungeon (15/15)            Temple (0/1) D:7            Lair (6/6) D:11
  Swamp (4/4) Lair:3       Spider (4/4) Lair:4        Slime (0/5) Lair:6
    Orc (2/2) D:11            Elf (0/3) Orc:2        Vaults (0/5) D:14
 Depths (3/5) D:15        Ossuary (visited)           IceCv (visited)
Gauntlet (visited)

Altars:
Ashenzari
Cheibriados
Dithmenos
Elyvilon
Fedhas
Gozag
Hepliaklqana
Makhleb
Qazlal
Ru
Sif Muna
Wu Jian
Yredelemnul
Beogh
Lugonu

Shops:
D:5 *   D:8 }*(?   D:9 :   D:11 !   Orc:2 [}(?

Portals:
Hell: Depths:1 Depths:2
Abyss: Swamp:1
Trove: Depths:1 (give 15 scrolls of teleportation)


Innate Abilities, Weirdness & Mutations

You reflexively headbutt those who attack you in melee.
You have a pair of horns on your head.


Message History

The ice dragon roars deafeningly!
A spriggan berserker comes into view. It is wielding a +2 antimagic flail.
The spriggan berserker shouts!
A necromancer comes into view. It is wielding a +1 dagger of flaming.
The necromancer shouts!
A tengu reaver comes into view.
It is wielding a +0 long sword, wearing a +2 scale mail of poison resistance and wearing a +0 buckler of positive energy.
The tengu reaver shouts!
A necromancer comes into view. It is wielding a +0 dagger.
The necromancer shouts!
An ettin comes into view.
It is wielding a +0 dire flail and a +3 dire flail.
The ettin shouts in stereo!
A deep elf high priest comes into view. It is wielding a +0 long sword.
The deep elf high priest shouts!
You hear an angry buzzing noise. x2
You hear a shout! x6; You hear two shouts!
You hear an angry buzzing noise.
You hear a shout!
You hear a deafening roar!
You hear a shout! x3
You hear two shouts!
A caustic shrike comes into view.
The ice dragon breathes frost at you. The blast of cold hits you!!
You die...

######
####....###
##....D....##
...bp..@.i..#
Q.p#..D..#C.e#
#..#..# .#
....#... .....
#<... V..##
.###.. ... #
... .. ....


You could see a caustic shrike, a fire dragon, an ice dragon (catching breath),
a tengu reaver, a vampire knight, an ettin, a spriggan berserker, a deep elf
high priest and 2 necromancers.

Vanquished Creatures
  Saint Roka (Orc:2)
  Nikola (Swamp:3)
  A bone dragon (Swamp:4)
  A lich (Depths:2)
  Jorgrun (D:12)
  A titan (Depths:2)
  The ghost of Vubreenic the Markscentaur, an adept CeHu of Okawaru (Spider:4)
  An acid blob (Depths:3)
  Gastronok (Lair:2)
  A sphinx (Depths:2)
  2 tengu reavers
  A fire giant (Depths:1)
  An azure jelly (Depths:3)
  Donald (Swamp:3)
  4 ghost moths (Spider:4)
  The ghost of Qemahefa the Bludgeoner, an adept GrFi of Okawaru (Swamp:1)
  An orc warlord (Orc:2)
  An iron dragon (Depths:2)
  Aizul (Spider:2)
  6 frost giants
  5 emperor scorpions
  A spriggan defender (Depths:1)
  A vampire knight (Depths:2)
  8 stone giants
  3 very ugly things (Depths:1)
  7 spark wasps
  4 bunyips
  3 entropy weavers
  A minotaur (Gauntlet)
  5 eleionomae
  4 ettins
  Snorg (Orc:2)
  A fire dragon (Depths:1)
  Erolcha (D:9)
  A merfolk impaler (Depths:2)
  A great orb of eyes (Depths:2)
  A yaktaur captain (Depths:3)
  A rakshasa (D:15)
  4 ice dragons
  3 spriggan air magi
  A juggernaut simulacrum (Depths:1)
  5 boulder beetles
  The ghost of Chiseanne the Blocker, a journeyman DsWz of Vehumet (D:13)
  17 hydras
  6 centaur warriors
  A hell beast (Depths:2)
  2 ghost crabs (Swamp:4)
  17 two-headed ogres
  4 catoblepae (Lair:6)
  14 alligators
  3 deep troll shamans
  3 ogre magi
  17 death yaks (Lair:6)
  A hell hog (Gauntlet)
  2 tengu warriors (Depths:2)
  5 orc high priests
  5 deep troll earth magi
  4 spriggan berserkers
  Sonja (Lair:2)
  A sun demon (Depths:2)
  5 skeletal warriors
  A goliath frog (Swamp:2)
  5 swamp dragons
  4 spriggan druids
  5 spectral hydras (Swamp:4)
  15 deep trolls
  2 golden dragon zombies
  Pikel (D:5)
  2 phantasmal warriors (Swamp:4)
  2 glowing orange brains
  5 bog bodies
  A shadow dragon zombie (Depths:1)
  2 necromancers
  An orc knight (D:14)
  27 ugly things
  3 cyclopes
  17 orb spiders
  2 deep elf magi (D:15)
  The ghost of Flure the Gouger, a novice FeBe of Trog (D:9)
  34 wolf spiders
  5 manticores
  3 centaur zombies
  4 will-o-the-wisps
  An orc sorcerer (Orc:1)
  2 moths of wrath
  An ice statue (IceCv)
  19 elephants
  9 black mambas
  A fire giant skeleton (Depths:2)
  Psyche (D:12)
  A stone giant skeleton (Depths:2)
  An eye of devastation (Lair:6)
  A rust devil (Depths:2)
  4 gargoyles
  3 torpor snails
  7 centaur skeletons
  13 cane toads
  A rime drake (Lair:3)
  Maggie (Lair:2)
  A kobold demonologist (D:15)
  19 yaktaurs
  3 efreet
  16 komodo dragons
  2 komodo dragons (shapeshifter)
  2 swamp worm zombies (Swamp:4)
  12 demonic crawlers
  A golden dragon simulacrum (Depths:2)
  4 hydra zombies (Swamp:4)
  A yaktaur skeleton (Depths:1)
  A queen bee (Spider:2)
  3 tengu conjurers
  3 trolls
  A queen bee (shapeshifter) (Depths:3)
  A troll (shapeshifter) (D:15)
  4 bloated husks (Swamp:4)
  6 meliai
  12 polar bears
  18 slime creatures
  38 jumping spiders
  5 tyrant leeches
  16 blink frogs
  3 dream sheep (Lair:5)
  16 hornets
  Grinder (D:5)
  A blink frog (shapeshifter) (D:13)
  A harpy skeleton (D:15)
  4 alligator zombies (Swamp:4)
  3 flying skulls (Depths:2)
  3 shadows
  19 spriggans
  6 water elementals
  A vampire (D:13)
  71 redbacks
  27 tarantellas
  4 wyverns
  A fire dragon skeleton (Depths:1)
  87 yaks
  A wraith (D:12)
  A human (shapeshifter) (D:15)
  3 fire bats (Gauntlet)
  6 basilisks
  2 neqoxecs (D:9)
  A spriggan simulacrum (Depths:2)
  2 fire elementals (Gauntlet)
  6 wargs
  12 swamp worms
  21 vampire mosquitoes
  Edmund (D:5)
  4 hell hounds (Gauntlet)
  A soldier ant (D:13)
  A floating eye (shapeshifter) (D:15)
  29 orc warriors
  17 water moccasins
  3 black bears
  A swamp drake (Swamp:1)
  An ice beast (D:9)
  3 sky beasts
  3 necrophages
  21 ogres
  10 phantoms
  3 swamp dragon zombies (Swamp:4)
  42 wolves
  An ogre (shapeshifter) (D:15)
  2 eyes of draining
  20 centaurs
  A lemure (D:5)
  19 bullfrogs
  4 big kobolds
  2 wyvern zombies
  2 water moccasin zombies (Ossuary)
  2 wyvern skeletons
  3 scorpions
  10 wights
  13 killer bees
  4 electric eels
  5 howler monkeys
  A bullfrog zombie (D:13)
  A gnoll shaman (D:8)
  6 quasits
  34 orc wizards
  Crazy Yiuf (D:2)
  30 orc priests
  13 hounds
  4 iguanas
  An iron imp (Depths:3)
  A bullfrog skeleton (D:8)
  Ijyb (D:5)
  A spectral swamp drake (Swamp:4)
  10 worker ants
  A killer bee zombie (D:10)
  4 big kobold zombies (Ossuary)
  2 mummies (Ossuary)
  7 gnolls
  2 swamp drake zombies (Swamp:4)
  19 adders
  3 shadow imps
  5 ufetubi
  2 oozes (D:1)
  An adder skeleton (D:9)
  2 adder zombies (Ossuary)
  3 worms
  6 dart slugs
  6 leopard geckos
  76 orcs
  A ball python (D:3)
  4 giant cockroaches
  6 gnoll zombies (Ossuary)
  9 goblins
  8 hobgoblins
  21 jackals
  7 quokkas
  16 bats
  9 frilled lizards
  7 hobgoblin zombies (Ossuary)
  28 kobolds
  3 kobold zombies (Ossuary)
  5 orc zombies (Ossuary)
  A quokka skeleton (D:3)
  A quokka zombie (D:8)
  11 rats
1488 creatures vanquished.

Vanquished Creatures (collateral kills)
  A very ugly thing (Depths:1)
  Nessos (Orc:2)
  The ghost of H0rd4k the Slicer, a journeyman HuAr of Gozag (Lair:2)
  3 spark wasps
  An eleionoma (Swamp:2)
  A rakshasa (Depths:2)
  2 two-headed ogres (Depths:2)
  An ogre mage (Depths:2)
  A death yak (IceCv)
  A goliath frog (Swamp:2)
  2 wolf spiders (Spider:3)
  3 orb spiders
  An orc sorcerer (Orc:2)
  An ugly thing (Depths:1)
  A manticore (Lair:6)
  5 elephants (Lair:6)
  A cane toad (Lair:2)
  A torpor snail (Spider:1)
  2 komodo dragons (Lair:6)
  2 yaktaurs (Depths:1)
  A troll (D:11)
  A polar bear (IceCv)
  4 jumping spiders (Spider:1)
  3 redbacks
  3 yaks
  An ogre (Depths:2)
  3 electric eels (D:11)
  A hound (D:11)
  An orc wizard (D:11)
  A worker ant zombie (D:11)
51 creatures vanquished.

Vanquished Creatures (others)
  2 ogre magi
  An orb spider (Spider:1)
  8 bloated husks
  A redback (Spider:3)
  2 tarantellas
  A phantom (Swamp:4)
  A bullfrog simulacrum (D:13)
  A bush (Lair:1)
  14 demonic plants (Gauntlet)
  8 foxfires
  30 fungi
  A lurking horror (Swamp:1)
  78 plants
  4 toadstools (D:7)
152 creatures vanquished.

Grand Total: 1691 creatures vanquished

Notes
Turn   | Place    | Note
-------+----------+-------------------------------------------
     0 | D:1      | Almogavar the Minotaur Berserker began the quest for the
                  | Orb.
     0 | D:1      | Reached XP level 1. HP: 19/19 MP: 0/0
   152 | D:1      | Reached skill level 4 in Fighting
   155 | D:1      | Reached XP level 2. HP: 27/27 MP: 1/1
   367 | D:1      | Reached XP level 3. HP: 19/33 MP: 2/2
   741 | D:1      | Reached ** piety under Trog
  1171 | D:2      | Reached XP level 4. HP: 41/41 MP: 3/3
  1183 | D:2      | Reached skill level 5 in Long Blades
  1545 | D:2      | Reached skill level 5 in Fighting
  1626 | D:2      | Found a runed translucent door.
  1627 | D:2      | Noticed Crazy Yiuf
  1822 | D:2      | Killed Crazy Yiuf
  1823 | D:2      | Reached XP level 5. HP: 40/48 MP: 0/4
  2078 | D:3      | Reached *** piety under Trog
  2267 | D:3      | Found a basalt altar of Yredelemnul.
  2268 | D:3      | Found an opulent altar of Gozag.
  2872 | D:4      | Found a sand-covered staircase.
  2880 | Ossuary  | Entered an ossuary
  3004 | Ossuary  | Reached XP level 6. HP: 47/56 MP: 5/5
  3136 | Ossuary  | Reached **** piety under Trog
  3473 | D:4      | Found a snail-covered altar of Cheibriados.
  3647 | D:4      | Reached XP level 7. HP: 54/62 MP: 6/6
  4092 | D:4      | Reached skill level 6 in Fighting
  4686 | D:5      | Entered Level 5 of the Dungeon
  4816 | D:5      | Reached skill level 5 in Armour
  4955 | D:5      | Noticed Edmund
  4974 | D:5      | Killed Edmund
  5110 | D:5      | Found Ytaeceawn's Assorted Antiques.
  5122 | D:5      | Noticed Pikel
  5136 | D:5      | Killed Pikel
  5137 | D:5      | Reached XP level 8. HP: 36/71 MP: 7/7
  5465 | D:5      | You fall into a shaft and drop 3 floors!
  5465 | D:8      | Found Jotewa's Gadget Emporium.
  5486 | D:8      | Reached skill level 7 in Fighting
  5789 | D:8      | Found Peegaynu's Assorted Antiques.
  5809 | D:8      | Found a broken altar of Ashenzari.
  6043 | D:8      | Found Qennerif's Weapon Emporium.
  6069 | D:8      | Reached XP level 9. HP: 78/79 MP: 8/8
  6199 | D:8      | Found Guynatou's Magic Scroll Shop.
  6457 | D:7      | Reached ***** piety under Trog
  6752 | D:5      | Found a sacrificial altar of Ru.
  6845 | D:5      | Noticed Ijyb
  6860 | D:5      | Killed Ijyb
  7229 | D:5      | Noticed Grinder
  7245 | D:5      | Paralysed by Grinder for 7 turns
  7254 | D:5      | Killed Grinder
  7255 | D:5      | Reached skill level 10 in Long Blades
  7592 | D:6      | Reached skill level 8 in Fighting
  7852 | D:6      | Reached skill level 5 in Dodging
  7933 | D:6      | Found a shimmering blue altar of Sif Muna.
  8029 | D:6      | Got an ancient plate armour
  8040 | D:6      | Identified the +1 plate armour of the Turtle {Rampage
                  | *Corrode rPois rN++} (You found it on level 6 of the
                  | Dungeon)
  8931 | D:7      | Found a staircase to the Ecumenical Temple.
  9566 | D:8      | Found a white marble altar of Elyvilon.
  9978 | D:8      | Found an ornate altar of the Wu Jian Council.
 10044 | D:8      | Found a hazy altar of Hepliaklqana.
 10046 | D:8      | Found a shadowy altar of Dithmenos.
 10265 | D:8      | Found a stormy altar of Qazlal.
 10314 | D:9      | Noticed a two-headed ogre
 10759 | D:9      | Noticed Erolcha
 10764 | D:9      | Killed Erolcha
 10765 | D:9      | Reached XP level 10. HP: 90/90 MP: 9/9
 10766 | D:9      | Reached skill level 10 in Armour
 10887 | D:9      | Reached skill level 9 in Fighting
 10887 | D:9      | Received a gift from Trog
 11059 | D:9      | Found a burning altar of Makhleb.
 11060 | D:9      | Found Vosow's Book Shoppe.
 11130 | D:9      | Found a transporter.
 11185 | D:9      | Killed a two-headed ogre
 11450 | D:9      | Noticed Flure's ghost (novice FeBe)
 11783 | D:9      | Found a transporter.
 11984 | D:9      | Killed Flure's ghost
 12379 | D:10     | Entered Level 10 of the Dungeon
 12464 | D:10     | Found a basalt altar of Yredelemnul.
 12929 | D:10     | Noticed a gargoyle
 12936 | D:10     | Killed a gargoyle
 12937 | D:10     | Reached skill level 10 in Fighting
 13041 | D:10     | Reached XP level 11. HP: 99/99 MP: 10/10
 13156 | D:10     | Noticed a two-headed ogre
 13167 | D:10     | Killed a two-headed ogre
 13168 | D:10     | Reached skill level 1 in Shields
 13738 | D:11     | Found a staircase to the Orcish Mines.
 13751 | D:11     | Found a broken altar of Ashenzari.
 13827 | D:11     | Found a staircase to the Lair.
 13832 | D:11     | HP: 1/101 [electric eel/bolt of electricity (6)]
 13853 | D:11     | Found Viqoipn's Distillery.
 13865 | D:11     | Found a frozen archway.
 13866 | D:11     | Noticed an ice dragon
 13916 | D:11     | Killed an ice dragon
 13917 | D:11     | Reached skill level 11 in Fighting
 13924 | IceCv    | Entered an ice cave
 14369 | IceCv    | Reached XP level 12. HP: 105/110 MP: 11/11
 14733 | IceCv    | Received a gift from Trog
 14891 | IceCv    | Noticed a frost giant
 14891 | IceCv    | Noticed a death yak
 14901 | IceCv    | Killed a death yak
 14902 | IceCv    | Reached skill level 12 in Fighting
 14906 | IceCv    | Reached skill level 5 in Shields
 14907 | IceCv    | Killed a frost giant
 15376 | D:11     | Got an ivory hand axe
 15377 | D:11     | Identified the cursed +1 hand axe of Desperation {venom,
                  | Dex+6} (You found it on level 11 of the Dungeon)
 15640 | D:11     | Noticed a two-headed ogre
 15647 | D:11     | Killed a two-headed ogre
 15931 | D:11     | Bought a potion of heal wounds for 55 gold pieces
 15931 | D:11     | Bought a potion of heal wounds for 55 gold pieces
 15931 | D:11     | Bought a potion of heal wounds for 55 gold pieces
 15931 | D:11     | Bought a potion of heal wounds for 55 gold pieces
 16281 | Orc:1    | Entered Level 1 of the Orcish Mines
 16465 | Orc:2    | Entered Level 2 of the Orcish Mines
 16501 | Orc:2    | Found a staircase to the Elven Halls.
 16893 | Orc:2    | Noticed Saint Roka
 17698 | Orc:2    | Killed Saint Roka
 17699 | Orc:2    | Reached skill level 13 in Fighting
 17699 | Orc:2    | Reached skill level 1 in Evocations
 17699 | Orc:2    | Reached XP level 13. HP: 53/122 MP: 12/12
 17959 | Orc:2    | Noticed Nessos
 18002 | Orc:2    | Killed Nessos
 18783 | Orc:2    | Noticed an orc warlord
 18816 | Orc:2    | Killed an orc warlord
 18820 | Orc:2    | Reached skill level 15 in Armour
 18821 | Orc:2    | Received a gift from Trog
 18829 | Orc:2    | Noticed Snorg
 18858 | Orc:2    | Killed Snorg
 19935 | Orc:2    | Paralysed by an orc sorcerer for 4 turns
 20575 | Orc:2    | Reached skill level 14 in Fighting
 20694 | Orc:2    | Found Gekaonille's Antique Weapon Shop.
 20694 | Orc:2    | Found Kumpelul's Antique Armour Boutique.
 20695 | Orc:2    | Found Qutad's Gadget Boutique.
 20699 | Orc:2    | Found Ibbes's Magic Scroll Shop.
 21156 | Lair:1   | Entered Level 1 of the Lair of Beasts
 21191 | Lair:1   | Found a burning altar of Makhleb.
 21947 | Lair:1   | Reached skill level 1 in Maces & Flails
 22620 | Lair:2   | Noticed Maggie
 22642 | Lair:2   | Killed Maggie
 22919 | Lair:2   | Found a transporter.
 22944 | Lair:2   | Noticed H0rd4k's ghost (journeyman HuAr)
 22953 | Lair:2   | Found a transporter.
 23114 | Lair:2   | Reached XP level 14. HP: 133/133 MP: 13/13
 23125 | Lair:2   | Killed H0rd4k's ghost
 23139 | Lair:2   | Got a faintly glowing iron ring
 23158 | Lair:2   | Identified the ring of the Cuttlefish {*Slow rN+ MP+9
                  | Str+5} (You found it on level 2 of the Lair of Beasts)
 23249 | Lair:2   | Noticed Sonja
 23281 | Lair:2   | Killed Sonja
 23584 | Lair:2   | Noticed Gastronok
 23598 | Lair:2   | Killed Gastronok
 24105 | Lair:3   | Reached skill level 1 in Throwing
 24121 | Lair:3   | Received a gift from Trog
 24216 | Lair:3   | Reached skill level 10 in Shields
 24668 | Lair:3   | Found a staircase to the Swamp.
 25247 | Lair:4   | Reached skill level 15 in Fighting
 25428 | Lair:4   | You fall into a shaft and drop 2 floors!
 25428 | Lair:6   | Entered Level 6 of the Lair of Beasts
 26308 | Lair:6   | Reached skill level 16 in Fighting
 26308 | Lair:6   | Reached XP level 15. HP: 99/144 MP: 14/14
 26533 | Lair:6   | Found a staircase to the Slime Pits.
 26818 | Lair:6   | HP: 9/216 [yak (2)]
 29698 | Lair:4   | Reached skill level 17 in Fighting
 29857 | Lair:4   | Received a gift from Trog
 30229 | Lair:4   | Found a hole to the Spider Nest.
 30710 | D:12     | Noticed Jorgrun
 30721 | D:12     | Killed Jorgrun
 31284 | D:12     | Noticed Psyche
 31286 | D:12     | Killed Psyche
 31994 | D:13     | Received a gift from Trog
 32394 | D:13     | Reached XP level 16. HP: 157/157 MP: 8/15
 33098 | D:13     | Found a runed translucent door.
 33098 | D:13     | Noticed Chiseanne's ghost (journeyman DsWz)
 33105 | D:13     | Identified the +5 trident "Brush" {flame, Will+++ Int+4
                  | Dex-4}
 33796 | D:13     | Killed Chiseanne's ghost
 33800 | D:13     | Reached skill level 18 in Fighting
 34421 | D:14     | Found a blossoming altar of Fedhas.
 34588 | D:14     | Found a gate leading to a gauntlet.
 34599 | Gauntlet | Entered a Gauntlet
 34599 | Gauntlet | Found a transporter.
 34599 | Gauntlet | Found a transporter.
 34599 | Gauntlet | Found a transporter.
 34609 | Gauntlet | Found a transporter.
 34619 | Gauntlet | Found a transporter.
 34637 | Gauntlet | Found a transporter.
 34655 | Gauntlet | Found a transporter.
 34669 | Gauntlet | Found a transporter.
 34678 | Gauntlet | Found a transporter.
 34732 | Gauntlet | Found a transporter.
 34732 | Gauntlet | Found a transporter.
 34749 | Gauntlet | Found a transporter.
 34869 | Gauntlet | Reached skill level 5 in Evocations
 34891 | Gauntlet | Got a scorched cloak
 34902 | Gauntlet | Identified the +0 cloak "Dugyejur" {Regen+ Str+4 Int-2}
                  | (You found it in a Gauntlet)
 34946 | Gauntlet | Got a crystal hunting sling
 34947 | Gauntlet | Identified the +3 hunting sling "Ozogiac" {venom, +Fly
                  | rElec rF+ Dex-3} (You found it in a Gauntlet)
 35496 | D:14     | Reached ****** piety under Trog
 35511 | D:14     | Found a gate to the Vaults.
 35759 | D:14     | Received a gift from Trog
 35922 | D:15     | Entered Level 15 of the Dungeon
 36865 | D:15     | Reached skill level 19 in Fighting
 37438 | D:15     | Reached skill level 5 in Throwing
 37852 | D:15     | Received a gift from Trog
 38023 | D:15     | Found a staircase to the Depths.
 38441 | Swamp:1  | Entered Level 1 of the Swamp
 38462 | Swamp:1  | Reached XP level 17. HP: 130/168 MP: 16/16
 38905 | Swamp:1  | Identified the +8 scimitar "Guseim" {vorpal, +Fly Int+4}
 38906 | Swamp:1  | Found a runed translucent door.
 38907 | Swamp:1  | Identified the cursed +0 trident "Minotaur's Doom" {vorpal,
                  | Stlth+}
 38921 | Swamp:1  | Noticed Qemahefa's ghost (adept GrFi)
 38976 | Swamp:1  | Found a corrupted altar of Lugonu.
 38977 | Swamp:1  | Found a one-way gate to the infinite horrors of the Abyss.
 39514 | Swamp:1  | Found a basalt altar of Yredelemnul.
 39756 | Swamp:1  | Reached skill level 15 in Shields
 39782 | Swamp:1  | Killed Qemahefa's ghost
 39827 | Swamp:1  | Got an ancient tin amulet
 39835 | Swamp:1  | Identified the amulet of Broken Luck {Inacc rF- rC+ MP+9
                  | Dex+3} (You found it on level 1 of the Swamp)
 41252 | Swamp:3  | Noticed Nikola
 41273 | Swamp:3  | Killed Nikola
 41273 | Swamp:3  | Received a gift from Trog
 41279 | Swamp:3  | Got a scorched long sword {god gift}
 41280 | Swamp:3  | Identified the +9 long sword of Shame {vorpal, +Rage rN+}
                  | (Trog gifted it to you on level 3 of the Swamp)
 42015 | Swamp:3  | Found a snail-covered altar of Cheibriados.
 42359 | Swamp:4  | Entered Level 4 of the Swamp
 42359 | Swamp:4  | Noticed Donald
 42378 | Swamp:3  | Killed Donald
 42379 | Swamp:3  | Reached skill level 10 in Throwing
 43041 | Swamp:4  | Reached skill level 20 in Fighting
 43751 | Swamp:4  | Received a gift from Trog
 44029 | Swamp:4  | Noticed a bone dragon
 44042 | Swamp:4  | Killed a bone dragon
 44062 | Swamp:4  | Got a decaying rune of Zot
 44708 | Spider:1 | Entered Level 1 of the Spider Nest
 44716 | Spider:1 | Reached XP level 18. HP: 178/178 MP: 17/17
 45696 | Spider:2 | Received a gift from Trog
 46179 | Spider:2 | Noticed Aizul
 46189 | Spider:2 | Killed Aizul
 46502 | Spider:2 | Found a roughly hewn altar of Beogh.
 46505 | Spider:2 | Got a spiked cloak
 46727 | Spider:2 | Identified the +3 cloak of the Past {rPois Will+++ Str-2
                  | Int-5} (You found it on level 2 of the Spider Nest)
 47175 | Spider:3 | Received a gift from Trog
 47604 | Spider:2 | Reached skill level 21 in Fighting
 48828 | Spider:4 | Entered Level 4 of the Spider Nest
 50427 | Spider:4 | Found a runed translucent door.
 50429 | Spider:4 | Noticed Vubreenic's ghost (adept CeHu)
 50462 | Spider:4 | Killed Vubreenic's ghost
 50462 | Spider:4 | Received a gift from Trog
 50463 | Spider:4 | Reached XP level 19. HP: 173/191 MP: 18/18
 51458 | Spider:4 | Reached skill level 10 in Evocations
 51554 | Spider:4 | Got a gossamer rune of Zot
 51957 | Depths:1 | Entered Level 1 of the Depths
 51981 | Depths:1 | Found a corrupted altar of Lugonu.
 52243 | Depths:1 | Found a portal to a secret trove of treasure.
 52368 | Depths:1 | Reached skill level 22 in Fighting
 52983 | Depths:1 | Found a snail-covered altar of Cheibriados.
 53945 | Depths:1 | Found a gateway to Hell.
 55903 | Depths:2 | Reached skill level 23 in Fighting
 56337 | Depths:2 | Reached XP level 20. HP: 83/203 MP: 19/19
 56859 | Depths:2 | You fall into a shaft and drop 1 floor!
 56981 | Depths:3 | Reached skill level 15 in Throwing
 57797 | Depths:3 | Noticed a caustic shrike
 57797 | Depths:3 | Killed from afar by an ice dragon

Illustrated notes

Levels and vault maps discovered:
D:1:      shiori_arrival_oz, layout_basic
D:2:      layout_basic, uniq_crazy_yiuf_cottage
D:3:      layout_loops_corners, gammafunk_temple_overflow_pools,
          minmay_increasing_density
D:4:      layout_layer_cave, general_overflow_altar, chequers_ossuary_entry_cave
D:5:      layout_basic, overflow_temple_1_default, serial_shops,
          kennysheep_mini_moat, uniq_pikel, uniq_grinder, uniq_ijyb, uniq_edmund
D:6:      layout_loops_corners, kennysheep_little_box
D:7:      kennysheep_spiral_hall, layout_layer_cave, minmay_temple_entry_ruins,
          grunt_decor_cap, minmay_gold_behind_fungi, kennysheep_crisscross,
          grunt_ministairs_10
D:8:      layout_layer_cave, evilmike_ruin_ashenzari, lemuel_round_altar,
          lemuel_coloured_pillars_altar, nicolae_overflow_hidden_temple,
          serial_shops, nicolae_shop_temple_entry_statues_fountains, shop,
          nicolae_shop_crystal, shop
D:9:      layout_loops_ring, serial_shops, shop_statue,
          gammafunk_ghost_stat_death, makhleb_heckhound_becter, uniq_erolcha
D:10:     layout_irregular_city, yredelemnul_altar_generic
D:11:     layout_basic, erik_lair_island, minmay_orc_entry_guard_dogs,
          serial_shops, shop, enter_bailey_2,
          portal_ice_cave_entry_animals_and_master, basic_altar
D:12:     layout_gridville, kennysheep_generic_room_7, uniq_psyche, uniq_jorgrun
D:13:     layout_loops_ring, ebering_ghost_funeral_grove, minivault_28
D:14:     layout_rooms, hangedman_vaults_entry_quadrant_bands, fedhas_altar_3,
          gauntlet_entry_generic
D:15:     gammafunk_enter_depths_forms, layout_gridville,
          serial_co_window_serial, co_window_paths_a, co_window_paths_b,
          co_window_paths_b, co_window_paths_a, co_window_corner_a,
          co_window_corner_a, co_window_broadway_b, co_window_2corner,
          co_window_paths_c, co_window_corner_b, co_window_of_opportunity_b,
          co_window_broadway_c, co_window_corner_b, glass_columns_b,
          glass_columns_a, glass_columns_b, glass_columns_a, glass_columns_a,
          einodemon_crawler_minivault
Lair:1:   kb_forest_paths, layout_regular_city, serial_forest,
          infiniplex_forest_zigzag_1, infiniplex_forest_clump_tiny,
          infiniplex_forest_lined_3_way, infiniplex_forest_lined_3_way,
          infiniplex_forest_clump_small, infiniplex_forest_clump_small,
          infiniplex_forest_lined_2, infiniplex_forest_corner_2, basic_altar,
          minivault_23
Lair:2:   layout_small_grid, gammafunk_ghost_berserking_beasts,
          grunt_megastairs_3, uniq_sonja, uniq_gastronok, uniq_maggie
Lair:3:   layout_chaotic_city, swamp_mist_pool, minivault_25,
          serial_bayou_pond_e, hibernation_bobbens
Lair:4:   layout_regular_city, dummy_spider_entry
Lair:5:   minmay_lair_venomous_thicket, layout_regular_city, st_stairs_11,
          chequers_serial_rivers_micro_b, beast_lair_carwin_1,
          serial_bayou_shore_b
Lair:6:   evilmike_catoblepas_cave, layout_hall_layers, minmay_slime_entry_eyes,
          serial_bayou_shore_a
Swamp:1:  layout_basic_swamp, ebering_ghost_funeral_grove,
          evilmike_swamp_ruin_rubble_2, swamp_pool4, nicolae_swamp_godswood,
          hangedman_swamp_diagram, amcnicky_altar_lugonu_corruption,
          infiniplex_staircase_pool_2
Swamp:2:  layout_basic_swamp, evilmike_swamp_ruin_house_3
Swamp:3:  layout_falls_marsh, nicolae_swamp_very_dense_foliage,
          lemuel_altar_in_water, uniq_nikola
Swamp:4:  swamp_pestilence, layout_basic_swamp, uniq_donald
Spider:1: layout_spider_delve, nicolae_spider_webs_and_nodes,
          nicolae_spider_shape
Spider:2: nicolae_spider_mines_2, special_room [special_room_bee], uniq_aizul
Spider:3: layout_spider_delve, hangedman_spider_tarantella_strand
Spider:4: spider_rune_water, ebering_ghost_reflecting_pool
Orc:1:    layout_diamond_mine
Orc:2:    st_orc_mages, layout_diamond_mine, nicolae_orc_crystal_geode,
          uniq_snorg, uniq_saint_roka, uniq_nessos
Depths:1: layout_forbidden_donut, nicolae_trove_entry_free_sample,
          cheibriados_altar_1, hell_entry, st_stairs_4, grunt_ministairs_1,
          tgw_lugonu_bribe, kennysheep_random_hallway
Depths:2: evilmike_lava_path, layout_cave_shapes, minmay_misc_feat_iff,
          grunt_mini_vestibule, minmay_staircase_statues
Depths:3: minmay_two_paths, layout_gridlike, infiniplex_staircase_spiral_double,
          grunt_pan_entry_sceptre, hell_entry, special_room
          [special_room_jelly], evilmike_ambush [evilmike_ambush_outer_corners,
          evilmike_ambush_inner_cross]

Skill      XL: |  1  2  3  4  5  6  7  8  9 10 11 12 13 14 15 16 17 18 19 20 |
---------------+-------------------------------------------------------------+-----
Fighting       | 4 5 6 7 8 10 11 13 14 16 17 19 20 21 23 | 23.7
Long Blades    | 4 5 6 8 9 11 12 14 | 14.6
Armour         | 3 4 6 8 9 11 13 14 16 17 18 | 18.6
Dodging        | 3 4 5 6 7 8 |  8.8
Shields        | 3 6 9 11 12 14 15 | 15.3
Evocations     | 1 2 4 6 8 9 11 | 11.6
Maces & Flails | 1 |  1.6
Throwing       | 2 5 12 13 14 15 | 15.4
Stealth        | |  0.2

Action                   |  1- 3 |  4- 6 |  7- 9 | 10-12 | 13-15 | 16-18 | 19-21 || total
-------------------------+-------+-------+-------+-------+-------+-------+-------++-------
Melee: Falchion          |    68 |   189 |   151 |       |       |       |       ||   408
       Headbutt          |    14 |    38 |    58 |   225 |   469 |   584 |   259 ||  1647
       Long sword        |       |       |   167 |   693 |  1229 |   816 |       ||  2905
       Flail             |       |       |       |       |    12 |       |       ||    12
       Double sword      |       |       |       |       |     8 |   348 |       ||   356
       Demon blade       |       |       |       |       |     6 |       |       ||     6
       Scimitar          |       |       |       |       |       |   399 |   660 ||  1059
 Fire: Hunting sling     |       |       |       |     2 |       |       |       ||     2
Throw: Dart              |       |       |       |       |    16 |    81 |   112 ||   209
       Stone             |       |       |       |       |     1 |       |       ||     1
       Boomerang         |       |       |       |       |       |   189 |       ||   189
Invok: Berserk           |     1 |       |     5 |     9 |     6 |     5 |     1 ||    27
       Trog's Hand       |       |       |     1 |     6 |     5 |     7 |     1 ||    20
       Brothers in Arms  |       |       |       |     2 |     6 |     4 |     3 ||    15
Evoke: Wand              |       |       |       |     4 |    25 |     8 |     2 ||    39
       Lightning rod     |       |       |       |       |     6 |     2 |     7 ||    15
       Phial of floods   |       |       |       |       |       |       |     1 ||     1
  Use: Scroll            |       |     8 |    10 |     9 |    18 |    16 |     3 ||    64
       Potion            |       |       |       |     4 |    11 |     7 |     1 ||    23
 Stab: Distracted        |       |       |       |       |     1 |     1 |       ||     2
Armor: Animal skin       |     5 |       |       |       |       |       |       ||     5
       Ring mail         |    15 |       |       |       |       |       |       ||    15
       Scale mail        |     2 |    63 |    77 |       |       |       |       ||   142
       Plate armour      |       |       |    39 |   366 |   478 |   933 |   290 ||  2106
Dodge: Dodged            |    66 |   113 |   155 |   292 |   481 |   720 |   220 ||  2047
Block: Buckler           |       |       |       |   122 |   325 |    85 |       ||   532
       Kite shield       |       |       |       |       |       |  1067 |   382 ||  1449
       Rpst.: Falchion   |    15 |    33 |    10 |       |       |       |       ||    58
       Long sword        |       |       |    22 |    65 |   124 |    67 |       ||   278
       Double sword      |       |       |       |       |     1 |    35 |       ||    36
       Scimitar          |       |       |       |       |       |    46 |    34 ||    80
